 Dungeon Crawl Stone Soup version 0.30.1-11-g7821555f0a (webtiles) character file.

Game seed: 2995973204596956564

343 Arctor the Shield-Bearer (level 6, 0/49 HPs)
             Began as a Human Fighter on Jan 13, 2024.
             Splashed by a jelly's acid (11 damage)
             ... on level 4 of the Dungeon.
             The game lasted 00:02:04 (2532 turns).

Arctor the Shield-Bearer (Human Fighter)            Turns: 2532, Time: 00:02:05

Health: 0/49       AC:  2    Str: 18    XL:     6   Next: 88%
Magic:  6/6        EV: 10    Int:  9    God:
Gold:   168        SH:  5    Dex: 12    Spells: 5/5 levels left

rFire   . . .        a - +0 war axe
rCold   . . .        c - +0 buckler
rNeg    . . .        m - +3 leather armour
rPois   .            (no helmet)
rElec   .            (no cloak)
rCorr   .            (no gloves)
SInv    .            (no boots)
Will    .....        (no amulet)
Stlth   +            (no ring)
HPRegen 0.28/turn    (no ring)
MPRegen 0.10/turn

%: no passive effects
@: corroded
A: no striking features
a: no special abilities


You were on level 4 of the Dungeon.
You visited 1 branch of the dungeon, and saw 4 of its levels.

You collected 168 gold pieces.

Inventory:

Hand Weapons
 a - a +0 war axe (weapon)
Missiles
 l - 5 datura-tipped darts (quivered)
Armour
 b - a +0 scale mail
 c - a +0 buckler (worn)
 m - a +3 leather armour (worn)
Jewellery
 h - a ring of resist corrosion
 k - a ring of ice
Wands
 t - a wand of charming (10)
Scrolls
 f - a scroll of identify {unknown}
 g - a scroll of poison {unknown}
 j - 2 scrolls of fog {unknown}
 n - 2 scrolls of fear {unknown}
 p - 2 scrolls of noise {unknown}
 u - a scroll of teleportation {unknown}
Potions
 d - a potion of might
 e - a potion of heal wounds
 i - a potion of lignification {unknown}
 o - a potion of invisibility {unknown}
 q - a potion of haste {unknown}
 r - a potion of mutation {unknown}
 s - a potion of flight {unknown}


   Skills:
 + Level 4.3 Fighting
 + Level 3.7 Axes
 + Level 4.3 Armour
 + Level 4.4 Shields


You had 5 spell levels left.
You didn't know any spells.
Your spell library contained the following spells:

 Spells                   Type           Power      Damage    Failure   Level
 Poisonous Vapours        Pois/Air       0%         N/A       65%         2
 Mephitic Cloud           Conj/Pois/Air  0%         N/A       87%         3
 Freezing Cloud           Conj/Ice/Air   0%         6-21      100%        5


Dungeon Overview and Level Annotations

Branches:
Dungeon (4/15)
 Temple: D:4-7

Altars:
Trog

Shops:
D:2 *   D:4 :


Message History

The phantom is heavily damaged.
You closely miss the kobold. You block the kobold's attack.
You block the phantom's attack.
You hit the phantom.
The phantom is heavily damaged.
You hit the kobold but do no damage. The kobold hits you but does no damage.
The phantom closely misses you.
There are monsters nearby!
You slash the phantom!
You destroy the phantom!
You hit the kobold. The kobold hits you but does no damage.
You block the kobold's attack. You block the jelly's attack.
There are monsters nearby!
You closely miss the kobold.
The kobold is moderately wounded.
You hit the jelly.
Your hands burn!
The jelly hits you.
You are splashed with acid!
The kobold hits you but does no damage.
There are monsters nearby!
You are too injured to fight recklessly!
Unknown command.
There are monsters nearby!
You are too injured to fight recklessly!
Unknown command.
You are too injured to fight recklessly!
There are monsters nearby!
There are monsters nearby!
You are too injured to fight recklessly!
Unknown command.
You slash the jelly!
Your hands burn!
The jelly is severely wounded.
You slash the kobold!
You kill the kobold!
The jelly closely misses you.
You hit the jelly. The acid corrodes you!
Your hands burn!
* * * LOW HITPOINT WARNING * * *
The jelly is almost dead.
The jelly hits you.
* * * LOW HITPOINT WARNING * * *
You are splashed with acid!
You die...

#.... ..# ### #.### ....
###.##########.# ....#
#..........†...#
.....####∩##############
#.....# #.# .. ....
#.....##.###.### ####
#...)J#.......# #
#.###@#..##.#.# ###
#........# .. #######..#
# #..# # #..# # #... #
##.## # .# # .#


You could see a jelly.

Vanquished Creatures
  Sigmund (D:3)
  A phantom (D:4)
  4 adders
  3 dart slugs
  8 endoplasms
  2 giant cockroaches (D:1)
  7 goblins
  3 hobgoblins
  2 jackals (D:4)
  8 kobolds
  2 quokkas
  8 ball pythons
  11 bats
  4 frilled lizards
  A rat (D:3)
65 creatures vanquished.

Notes
Turn   | Place    | Note
-------+----------+-------------------------------------------
     0 | D:1      | Arctor the Human Fighter began the quest for the Orb.
     0 | D:1      | Reached XP level 1. HP: 18/18 MP: 1/1
   109 | D:1      | Reached XP level 2. HP: 24/24 MP: 2/2
   336 | D:1      | Reached XP level 3. HP: 29/29 MP: 3/3
   969 | D:2      | Found Usaep Xai's Assorted Antiques.
  1266 | D:2      | Reached XP level 4. HP: 23/35 MP: 4/4
  2215 | D:3      | Noticed Sigmund
  2230 | D:3      | Killed Sigmund
  2231 | D:3      | Reached XP level 5. HP: 23/42 MP: 5/5
  2231 | D:3      | Reached XP level 6. HP: 27/48 MP: 6/6
  2313 | D:3      | Found a bloodstained altar of Trog.
  2509 | D:4      | Found Ypodinet's Book Boutique.
  2532 | D:4      | Splashed by a jelly's acid

Illustrated notes

Levels and vault maps discovered:
D:1:      dpeg_arrival_rooms_with_view, layout_loops_cross
D:2:      layout_basic, serial_shops, shop
D:3:      layout_basic, lightli_temple_of_fire, hangedman_decor_slide_cut,
          uniq_sigmund
D:4:      layout_loops_ring, serial_shops, shop, minmay_crossroads

Skill      XL: |  1  2  3  4 |
---------------+-------------+-----
Fighting       | 4 |  4.3
Axes           | 3 |  3.7
Armour         | 4 |  4.3
Shields        | 4 |  4.4

Action                     |  1- 3 |  4- 6 || total
---------------------------+-------+-------++-------
  Melee: War axe           |   107 |    77 ||   184
    Use: Potion            |       |     1 ||     1
   Stab: Sleeping          |     1 |       ||     1
 Armour: Scale mail        |    41 |       ||    41
         Leather armour    |     7 |    27 ||    34
  Dodge: Dodged            |    51 |    44 ||    95
  Block: Buckler           |    19 |    23 ||    42
